 Dungeon Crawl Stone Soup version 0.25-a0-513-ge77a69270c (webtiles) character file.

Game seed: 8820291674803365329, levelgen mode: deterministic

12 Emblim88 the Caller (level 2, 0/15 HPs)
             Began as a Deep Elf Summoner on Feb 16, 2020.
             Slain by a hobgoblin
             ... wielding a +0 club
              (7 damage)
             ... on level 1 of the Dungeon.
             The game lasted 00:02:52 (670 turns).

Emblim88 the Caller (Deep Elf Summoner)              Turns: 670, Time: 00:02:53

Health: 0/15       AC:  2    Str:  5    XL:     2   Next: 20%
Magic:  5/8        EV: 13    Int: 19    God:
Gold:   35         SH:  0    Dex: 15    Spells: 4/7 levels left

rFire    . . .     SeeInvis .   (no weapon)
rCold    . . .     Gourm    .   (no shield)
rNeg     . . .     Faith    .   a - +0 robe
rPois    .         Spirit   .   (no helmet)
rElec    .         Reflect  .   (no cloak)
rCorr    .         Harm     .   (no gloves)
MR       .....                  (no boots)
Stlth    ++........             (no amulet)
HPRegen  0.05/turn              (no ring)
MPRegen  0.11/turn              (no ring)

@: no status effects
A: no striking features
a: no special abilities


You were on level 1 of the Dungeon.
You were not hungry.

You visited 1 branch of the dungeon, and saw 1 of its levels.

You collected 35 gold pieces.

Inventory:

Missiles
 g - 25 stones (quivered)
Armour
 a - a +0 robe (worn)
 d - a +0 cloak
Scrolls
 b - a scroll of remove curse {unknown}
 f - a scroll of noise {unknown}
 i - 2 scrolls of fog {unknown}
 k - a scroll of identify {unknown}
Potions
 e - a potion of curing {unknown}
 h - a potion of degeneration {unknown}
 j - 2 potions of ambrosia {unknown}
 l - a potion of heal wounds {unknown}
Comestibles
 c - 2 rations


   Skills:
 + Level 2.7 Dodging
 + Level 2.8 Stealth
 + Level 3.2 Spellcasting
 + Level 4.5 Summonings


You had 4 spell levels left.
You knew the following spells:

 Your Spells              Type           Power        Failure   Level  Hunger
a - Summon Small Mammal   Summ           ###.         2%          1    None
b - Call Imp              Summ           ###.....     3%          2    ##.....

Your spell library contained the following spells:

 Spells                   Type           Power        Failure   Level  Hunger
 Call Canine Familiar     Summ           ###.....     7%          3    ###....
 Summon Guardian Golem    Hex/Summ       ##......     17%         3    ###....
 Summon Ice Beast         Ice/Summ       ##......     50%         4    ####...
 Summon Lightning Spire   Summ/Air       ##......     50%         4    ####...


Dungeon Overview and Level Annotations

Branches:
Dungeon (1/15)

Altars:


Message History

Gang up on whom?
Press: ? - help, Dir - move target cursor, f/p - hobgoblin
Aim: a hobgoblin, wielding a +0 club Attack!
Casting: Call Imp (safe; 3% risk of failure)
Confirm with . or Enter, or press ? or * to list all spells.
A beastly little devil appears in a puff of flame.
The hobgoblin closely misses you.
Your crimson imp blinks!
The kobold barely misses you.
You hit the hobgoblin.
The hobgoblin is heavily wounded.
The hobgoblin hits you with a +0 club. The kobold hits you.
Your crimson imp barely misses the kobold.
Your crimson imp blinks!
Your crimson imp hits the kobold.
The kobold dies!
Your crimson imp blinks!
The hobgoblin hits you with a +0 club!
You die...

#..#### #..# #.#
##....5##### #..#
#.##
....5ยง..l.5...#
#..# #.##
...########.#.###..#
#.## ... #.#..##..#
#.## ## #l#......#
#.##
#.#..##..######.##
#g#.###.........##
#@#.....##########
#.#...... .
#.#.##### # ..#.#
###.# ..


You could see a hobgoblin, a frilled lizard and a friendly crimson imp.

Vanquished Creatures (collateral kills)
  A dart slug (D:1)
  3 goblins (D:1)
  A hobgoblin (D:1)
  4 jackals (D:1)
  3 kobolds (D:1)
  3 bats (D:1)
  2 rats (D:1)
17 creatures vanquished.

Notes
Turn   | Place    | Note
-------+----------+-------------------------------------------
     0 | D:1      | Emblim88 the Deep Elf Summoner began the quest for the Orb.
     0 | D:1      | Reached XP level 1. HP: 10/10 MP: 6/6
   227 | D:1      | Reached XP level 2. HP: 5/15 MP: 0/8
   480 | D:1      | Learned a level 2 spell: Call Imp
   670 | D:1      | Slain by a hobgoblin

Levels and vault maps discovered:
D:1:      lightli_arrival_quake, layout_loops_ring, minmay_door_square,
          minivault_5, minmay_small_reverse_x

Action                   || total
-------------------------++-------
Melee: Unarmed           ||     3
 Cast: Summon Small Mamm ||    15
       Call Imp          ||     6
Armor: Robe              ||     5
Dodge: Dodged            ||    15

Table legend:
 A = Non-vault XP
 B = Vault XP
 C = Vault XP percentage of total XP
 D = Non-vault monster count
 E = Vault monster count
 F = Vault count percentage of total count
                 A         B        C        D         E       F
            +---------+---------+-------+---------+---------+-------
      Total |      13 |       5 |  27.8 |      13 |       4 |  23.5
            +---------+---------+-------+---------+---------+-------
        D:1 |      13 |       5 |  27.8 |      13 |       4 |  23.5
            +---------+---------+-------+---------+---------+-------
